 Dungeon Crawl Stone Soup version 0.31-a0-188-g5e087ee2ca (webtiles) character file.

Game seed: 17161339937348551700

245 qw the Skirmisher (level 5, -1/29 HPs)
             Began as a Deep Elf Hunter on June 22, 2023.
             Was an Initiate of Okawaru.
             Slain by an iguana (10 damage)
             ... on level 4 of the Dungeon.
             The game lasted 00:01:07 (3029 turns).

qw the Skirmisher (Deep Elf Hunter)                 Turns: 3029, Time: 00:01:07

Health: -1/29      AC:  5    Str: 10    XL:     5   Next: 84%
Magic:  21/21      EV: 12    Int: 14    God:    Okawaru [......]
Gold:   294        SH:  0    Dex: 18    Spells: 4/4 levels left

rFire   . . .        Y - +1 shortbow
rCold   . . .        (shield currently unavailable)
rNeg    . . .        c - +0 leather armour
rPois   .            g - +0 helmet
rElec   .            (no cloak)
rCorr   .            h - +0 pair of gloves
SInv    .            (no boots)
Will    .....        b
                       - Hermit's Pendant {Faith Invo=14 Evo=0 MP+5}
Stlth   ++           (no ring)
HPRegen 0.24/turn    (no ring)
MPRegen 0.17/turn

%: faith
@: no status effects
A: no striking features
a: Renounce Religion


You were on level 4 of the Dungeon.
You worshipped Okawaru.
Okawaru was noncommittal.
You visited 2 branches of the dungeon, and saw 5 of its levels.

You collected 324 gold pieces.
You spent 30 gold pieces at shops.


   Skills:
 - Level 1.5 Fighting
 - Level 9.2 Ranged Weapons
 + Level 2.9 Dodging
 - Level 1.2 Stealth


You had 4 spell levels left.
You didn't know any spells.
Your spell library was empty.

Inventory:

Hand Weapons
 Y - a +1 shortbow (weapon)
Armour
 c - a +0 leather armour (worn)
 g - a +0 helmet (worn)
 h - a +0 pair of gloves (worn)
Jewellery
 b - the Hermit's Pendant (around neck) {Faith Invo=14 Evo=0 MP+5}
   (You found it on level 4 of the Dungeon)

   [amulet of faith]

   Invo=14: It sets your Invocations skill to 14.
   Evo=0: It sets your Evocations skill to 0.
   It allows you to gain divine favour quickly.
   MP:        It affects your magic capacity (+5).
Scrolls
 i - 2 scrolls of identify
Potions
 d - a potion of heal wounds
 f - a potion of curing

Dungeon Overview and Level Annotations

Branches:
Dungeon (4/15)             Temple (1/1) D:4

Altars:
Ashenzari
Cheibriados
Dithmenos
Elyvilon
Fedhas
Gozag
Kikubaaqudgha
Okawaru
Qazlal
Ru
Sif Muna
Trog
Uskayaw
Vehumet
Yredelemnul
Zin
The Shining One

Shops:
D:1 !


Message History

The adder bites you but does no damage. The adder barely misses you.
You shoot an arrow. The arrow hits the adder!
You kill the adder!
Okawaru accepts your kill.
i - 2 scrolls of identify (gained 1)
You see here a +0 dagger.
An iguana comes into view.
Enter note:
Enter note:
Enter note:
Enter note:
Enter note:
Enter note:
Enter note:
Enter note:
Enter note:
Enter note:
Enter note:
Enter note:
Enter note:
Enter note:
Enter note: You shoot an arrow.
The arrow hits the iguana but does no damage.
The iguana hisses angrily.
You shoot an arrow. The arrow closely misses the iguana.
You shoot an arrow. The arrow closely misses the iguana.
The iguana closely misses you.
You shoot an arrow.
The arrow hits the iguana but does no damage.
The iguana closely misses you.
You shoot an arrow. The arrow closely misses the iguana.
The iguana bites you!
You shoot an arrow.
The arrow hits the iguana but does no damage.
The iguana bites you!
You shoot an arrow.
The arrow hits the iguana but does no damage.
The iguana bites you!
You die...

##..)##.#.##...#........
##..}#.#.........).....
##..'...##...#........
##}#.......##........
#########...###.##......##
#.............#.##......##
##.##########.#.##......##
#.#.....<..#.#........###
#.#.####@#.#.#........###
#.#....l.#.#.#...........
#.########.#.#...........
#........).#.#...........
############.#...........
#.#....###.... #.#....#
#.... ##.#....###....
###########..............


You could see an iguana.

Vanquished Creatures
  A scorpion (D:4)
  An orc priest (D:4)
  An orc wizard (D:4)
  6 adders
  A dart slug (D:3)
  3 orcs (D:4)
  6 endoplasms
  6 giant cockroaches
  6 goblins
  9 hobgoblins
  2 jackals (D:3)
  2 quokkas
  8 ball pythons
  4 bats
  3 frilled lizards
  13 kobolds
  3 rats
75 creatures vanquished.

Notes
Turn   | Place    | Note
-------+----------+-------------------------------------------
     0 | D:1      | qw the Deep Elf Hunter began the quest for the Orb.
     0 | D:1      | Reached XP level 1. HP: 12/12 MP: 3/3
     0 | D:1      | 0 ||| qw: Version: 0.3-a-9-g12657ce
     0 | D:1      | 0 ||| qw: Game counter: 2941
     0 | D:1      | 0 ||| qw: Always use a shield: true
     0 | D:1      | 0 ||| qw: God list: Okawaru
     0 | D:1      | 0 ||| qw: Allow faded altars: false
     0 | D:1      | 0 ||| qw: Do Orc after D:15 true
     0 | D:1      | 0 ||| qw: Do second Lair branch before Depths: true
     0 | D:1      | 0 ||| qw: Lair rune preference: random
     0 | D:1      | 0 ||| qw: Plans: Normal
     0 | D:1      | 0 ||| PLANNING D:1-11
    78 | D:1      | Reached XP level 2. HP: 16/16 MP: 4/4
    79 | D:1      | Reached skill level 6 in Ranged Weapons
   159 | D:1      | Found Buhykin's Distillery.
   168 | D:1      | 168 ||| SHOPLISTING 2 potions of curing (60 gold, have 49).
   168 | D:1      | 168 ||| BUYING potion of curing (30 gold).
   168 | D:1      | Bought a potion of curing for 30 gold pieces
   168 | D:1      | 168 ||| SHOPLISTING potion of curing (30 gold, have 19).
   168 | D:1      | 168 ||| SHOPLISTING potion of enlightenment (50 gold, have
                  | 19).
   168 | D:1      | 168 ||| SHOPLISTING potion of haste (100 gold, have 19).
   168 | D:1      | 168 ||| SHOPLISTING potion of heal wounds (50 gold, have
                  | 19).
   168 | D:1      | 168 ||| SHOPLISTING potion of might (40 gold, have 19).
   339 | D:1      | Reached XP level 3. HP: 20/20 MP: 5/5
   374 | D:1      | 374 ||| UPGRADING to +0 helmet.
   379 | D:1      | 379 ||| READING scroll labelled KOGYWI TYA.
   380 | D:1      | 380 ||| READING scroll labelled CUAXKYJEPT.
   381 | D:1      | 381 ||| DROPPING scroll of butterflies.
   608 | D:2      | Reached skill level 7 in Ranged Weapons
   863 | D:2      | You fall into a shaft and drop 1 floor!
   864 | D:3      | 864 ||| READING scroll labelled NOZEXK OMPIUSM.
   865 | D:3      | 865 ||| READING scroll labelled UFA EGUISE.
   866 | D:3      | 866 ||| DRINKING 2 grey potions.
  1239 | D:3      | Reached XP level 4. HP: 10/25 MP: 6/6
  1242 | D:3      | HP: 6/25 [poisoned by an adder]
  1734 | D:3      | 1734 ||| UPGRADING to +0 pair of gloves.
  1739 | D:3      | 1739 ||| DRINKING 2 lumpy blue potions.
  1740 | D:3      | 1740 ||| READING 3 scrolls of identify.
  1740 | D:3      | 1740 ||| IDENTIFYING glowing emerald potion
  1741 | D:3      | 1741 ||| READING 2 scrolls of identify.
  1741 | D:3      | 1741 ||| IDENTIFYING fuming clear potion
  1742 | D:3      | 1742 ||| DROPPING potion of degeneration.
  1743 | D:3      | 1743 ||| DROPPING potion of brilliance.
  1744 | D:3      | 1744 ||| DROPPING potion of lignification.
  1822 | D:4      | Reached skill level 8 in Ranged Weapons
  2051 | D:4      | 2051 ||| Stepping ~*~*~tactically~*~*~ (outnumbered).
  2056 | D:4      | Reached XP level 5. HP: 29/29 MP: 7/7
  2172 | D:4      | Found the Hermit's Pendant {Faith Invo=14 Evo=0 MP+5}
  2203 | D:4      | Reached skill level 9 in Ranged Weapons
  2639 | D:4      | Found a staircase to the Ecumenical Temple.
  2640 | D:4      | 2640 ||| PLANNING TEMPLE
  2640 | D:4      | 2640 ||| UPGRADING to Hermit's Pendant {Faith Invo=14 Evo=0
                  | MP+5}.
  2645 | D:4      | 2645 ||| READING scroll labelled OPUDO HOLEGG.
  2646 | D:4      | 2646 ||| READING 2 scrolls of identify.
  2646 | D:4      | 2646 ||| IDENTIFYING lumpy white potion
  2647 | D:4      | 2647 ||| DROPPING potion of invisibility.
  2656 | Temple   | Entered the Ecumenical Temple
  2657 | Temple   | 2657 ||| PLANNING OKAWARU WORSHIP
  2734 | Temple   | Became a worshipper of Warmaster Okawaru
  2735 | Temple   | 2735 ||| PLANNING D:1-11
  3029 | D:4      | Slain by an iguana

Levels and vault maps discovered:
D:1:      shiori_arrival_oz, layout_rooms, serial_shops, shop
D:2:      layout_loops_ring, hangedman_decor_growths, due_unseen_surprise
D:3:      layout_loops_ring, minmay_unequal
D:4:      layout_basic, lemuel_temple_firewalk_b, grunt_ministairs_8
Temple:   sentei_temple_godly_chess

Skill      XL: |  1  2  3  4  5 |
---------------+----------------+-----
Ranged Weapons | 6 7 8 9 |  9.2
Fighting       | |  1.5
Dodging        | |  2.9
Stealth        | |  1.2

Action                     |  1- 3 |  4- 6 || total
---------------------------+-------+-------++-------
   Fire: Shortbow          |   132 |   108 ||   240
    Use: Scroll            |     4 |     4 ||     8
         Potion            |     1 |     1 ||     2
 Armour: Leather armour    |    10 |     9 ||    19
  Dodge: Dodged            |    22 |    18 ||    40

Table legend:
 A = Non-vault XP
 B = Vault XP
 C = Vault XP percentage of total XP
 D = Non-vault monster count
 E = Vault monster count
 F = Vault count percentage of total count
                 A         B        C        D         E       F
            +---------+---------+-------+---------+---------+-------
      Total |     335 |      16 |   4.6 |      67 |       8 |  10.7
            +---------+---------+-------+---------+---------+-------
        D:1 |      39 |       4 |   9.3 |      24 |       2 |   7.7
        D:2 |      33 |       0 |   0.0 |      13 |       0 |   0.0
        D:3 |      52 |       8 |  13.3 |      15 |       4 |  21.1
        D:4 |     211 |       4 |   1.9 |      15 |       2 |  11.8
            +---------+---------+-------+---------+---------+-------
